Map: Purity and Industry LE

Players

JohnnyV - Winner!

  • Race: Terran Terran
  • League: Bronze
  • Spawn Location: 3:00

神族好玩

  • Race: Terran Terran
  • Spawn Location: 12:00

VOD

Have the link to the VOD?

Description

Time

  • Played on: May 1, 2020, 11:02 p.m.
  • Length: 8:47
Show
View Real Time Build Order
Export as new Build Order

JohnnyV Terran - Winner!

Build Orders:  

Get SALT Encoding   

  12  0:01  SCV  
  13  0:15  Supply Depot  
  13  0:17  SCV  
  14  0:26  Refinery  
  14  0:29  SCV  
  15  0:41  SCV  
  16  0:46  Barracks  
  16  0:53  SCV  
  17  1:05  SCV  
  18  1:17  SCV  
  19  1:34  Reaper  
  20  1:40  Orbital Command  
  20  1:45  Supply Depot  
  20  1:50  Refinery  
  20  1:55  Factory  
  20  2:19  Barracks Reactor  
  19  2:24  SCV  
  20  2:39  SCV  
  21  3:05  Marine x2  
  23  3:11  Hellion  
  25  3:33  Marine x2  
  27  3:35  Widow Mine  
  28  3:51  Marine  
  29  3:56  Hellion  
  31  4:29  Command Center  
  31  4:30  Supply Depot  
  31  4:32  Refinery  
  31  4:33  Supply Depot, Refinery, Factory Tech Lab  
  31  4:34  Marine x2  
  30  5:16  Marine  
  30  5:17  Marine  
  30  5:19  Siege Tank  
  35  5:29  Starport  
  35  5:43  SCV  
  36  5:51  Orbital Command  
  36  5:54  Bunker  
  36  5:55  SCV  
  37  6:07  SCV  
  37  6:09  Siege Tank  
  37  6:10  Liberator  
  44  6:19  SCV  
  44  6:20  SCV  
  46  6:31  SCV  
  47  6:34  Engineering Bay  
  47  6:42  Marine x2  
  47  6:44  Siege Tank  
  52  6:50  SCV x2  
  54  7:00  Marine  
  55  7:11  Missile Turret  
  55  7:12  Missile Turret  
  55  7:27  Liberator  
  55  7:28  Siege Tank  
  55  7:29  Marine x2  
  63  7:34  Missile Turret  
  63  7:35  Missile Turret  
  63  7:38  Sensor Tower  
  63  7:42  SCV x2  
  65  7:48  Sensor Tower  
  65  7:52  Marine x2  
  67  8:01  Missile Turret  
  67  8:02  Missile Turret  
  67  8:13  Barracks  
  67  8:14  Marine x2  
  67  8:15  Barracks  
  69  8:20  Missile Turret  
Show
View Real Time Build Order
Export as new Build Order

神族好玩 Terran 

Build Orders:  

Get SALT Encoding   

  12  0:00  SCV  
  13  0:13  SCV  
  14  0:20  Supply Depot  
  14  0:26  SCV  
  15  0:43  Barracks  
  15  0:48  Refinery  
  15  0:50  Refinery  
  15  0:51  SCV  
  16  1:03  SCV  
  17  1:15  SCV  
  18  1:27  SCV  
  18  1:28  Supply Depot  
  18  1:31  Reaper  
  20  1:39  SCV  
  21  1:42  Bunker  
  21  1:51  SCV  
  22  2:03  SCV  
  22  2:38  Reaper  
  22  3:16  Reaper  
  23  3:48  Reaper  
  24  3:50  Barracks  
  24  4:04  Engineering Bay, Command Center  
  24  4:11  Factory  
  24  4:20  Reaper  
  25  4:52  Reaper  
  24  5:10  Barracks Tech Lab  
  24  5:14  Factory Tech Lab  
  24  5:23  Starport  
  24  5:29  Barracks Tech Lab  
  24  5:37  Supply Depot  
  24  5:40  Marauder  
  24  5:42  SCV  
  27  5:47  Refinery  
  27  5:54  SCV  
  26  5:59  Supply Depot  
  26  6:01  Marauder  
  28  6:06  SCV  
  29  6:11  Refinery  
  29  6:14  Siege Tank  
  29  6:18  SCV, Marine  
  32  6:21  Supply Depot  
  32  6:23  Marauder  
  36  6:30  SCV  
  37  6:33  SCV  
  37  6:36  Terran Infantry Weapons Level 1, Marine  
  37  6:38  Combat Shield  
  39  6:41  Stimpack  
  39  6:42  SCV  
  39  6:44  Supply Depot, Marine  
  39  6:45  SCV  
  39  6:46  Siege Tank  
  45  6:48  Barracks  
  45  6:54  Marine  
  45  6:55  SCV  
  45  6:57  SCV  
  48  7:01  Marine  
  48  7:02  Starport Tech Lab  
  48  7:07  SCV  
  50  7:11  Marine  
  51  7:19  SCV  
  51  7:20  Marauder  
  54  7:29  Marine  
  51  7:31  SCV  
  51  7:34  Siege Tank  
  49  7:41  Marauder  
  49  7:43  SCV  
  48  7:55  SCV  
  49  7:59  Liberator  
  49  8:02  Concussive Shells  
  52  8:05  SCV  
  53  8:17  SCV  
Tags
 
League
Bronze
Matchup
TvT
Race
Terran
Spawn Locations
Close Positions
Add a new tag
Caveats
  • Supply blocks, unpowered buildings, or Contaminate may cause inaccurate times.
  • Supply counts are checked every 10 seconds.